AoeStats
← hightower_208

Fortress

508408978Analyzed
2v2 RM · 9d ago on Sep 22, 2026· 24m 57s· 4 players
Game mode
Random Map
Map size
Normal (6 player)
Population
200
Speed
Normal
Resources
Standard
Victory
Conquest
Starting age
Dark Age
Ending age
Imperial Age
RankedLock teamsTeams togetherTeam positionsShared explorationLock speedFull tech treeHidden civsTurbo modeCheats
Victory
Defeat
🇩🇪 Italians · Germany
1763
+14
🇺🇸 Slavs · United States
1617
+21
🇩🇪 Wu · Germany
1734
-18
🇩🇪 Aztecs · Germany
1700
-17
hightower_208
0:58 Loom
7:57 Feudal Age
9:02 Double-Bit Axe
11:34 Castle Age
10:55 Horse Collar
11:27 Fletching
13:42 Bodkin Arrow
15:14 Ballistics
15:55 Wheelbarrow
15:36 Padded Archer Armor
18:10 Red Cliffs Tactics
19:39 Hand Cart
22:36 Leather Archer Armor
26:31 Imperial Age
Mjoelnir
6:44 Feudal Age
6:11 Loom
10:18 Castle Age
8:50 Double-Bit Axe
10:12 Gold Mining
14:57 Sanctity
17:06 Redemption
19:15 Fervor
25:56 Imperial Age
23:59 Fletching
eXitDenDoc
8:07 Feudal Age
9:23 Double-Bit Axe
9:18 Horse Collar
12:19 Castle Age
10:05 Loom
13:49 Bow Saw
15:00 Fletching
17:40 Elite Skirmisher
19:06 Bodkin Arrow
20:27 Padded Archer Armor
21:48 Leather Archer Armor
22:26 Ballistics
23:34 Wheelbarrow
LowEloNobody
7:28 Feudal Age
11:04 Castle Age
9:03 Double-Bit Axe
9:27 Horse Collar
12:10 Bow Saw
12:01 Heavy Plow
12:52 Loom
16:00 Fletching
16:41 Bloodlines
15:54 Light Cavalry
19:42 Devotion
23:40 Bloodlines
23:30 Husbandry
24:15 Scale Barding Armor
25:22 Bodkin Arrow
Connection lost

Rejoining the realm…

Still unreachable

The connection could not be restored.

Session expired

The server has moved on; the page needs a fresh start.